 Dungeon Crawl Stone Soup version 0.20.2-3-g29329e0561 (webtiles) character file.

870 Alfie the Cutter (level 8, -4/73 HPs)
             Began as a Hill Orc Fighter on Dec 20, 2023.
             Slain by Alfie's ghost (7 damage)
             ... on level 5 of the Dungeon.
             The game lasted 00:10:58 (3313 turns).

Alfie the Cutter (Hill Orc Fighter)                 Turns: 3313, Time: 00:10:59

Health: -4/73      AC:  8    Str: 18 (21) XL:     8   Next: 3%
Magic:  8/8        EV: 13    Int: 11 (13) God:
Gold:   215        SH: 10    Dex: 12 (15) Spells: 6/7 levels left

rFire    . . .     SeeInvis +   a - +0 rapier
rCold    . . .     Gourm    .   c - +0 shield
rNeg     . . .     Faith    .   b - +0 scale mail
rPois    .         Spirit   .   (no helmet)
rElec    .         Reflect  .   (no cloak)
rCorr    .         Harm     .   s - +0 pair of gloves
MR       .....     Rnd*Rage +   (no boots)
Stlth    +.........             (no amulet)
Regen    0.3/turn               (no ring)
MPRegen  0.2/turn               (no ring)

@: brilliant, agile, drained
A: see invisible, berserk 1, robust 1
a: no special abilities


You were on level 5 of the Dungeon.
You were not hungry.

You visited 1 branch of the dungeon, and saw 5 of its levels.

You collected 215 gold pieces.

Inventory:

Hand Weapons
 a - a +0 rapier (weapon)
Missiles
 o - 8 tomahawks (quivered)
Armour
 b - a +0 scale mail (worn)
 c - a +0 shield (worn)
 s - a +0 pair of gloves (worn)
Jewellery
 p - an uncursed ring of ice
 q - an uncursed ring of flight
Wands
 n - a wand of flame (12/48)
 v - a wand of disintegration (11/24)
Scrolls
 e - a scroll of enchant weapon {unknown}
 i - a scroll of remove curse
 j - 2 scrolls of magic mapping
 m - a scroll of teleportation
Comestibles
 f - a meat ration
 h - a royal jelly
 u - a bread ration


   Skills:
 + Level 4.8(4.6) Fighting
 + Level 5.9(5.6) Short Blades
 + Level 1.2(1.0) Throwing
 + Level 4.8(4.5) Armour
 + Level 2.1(1.9) Dodging
 + Level 0.3(0.1) Stealth
 + Level 5.4(5.2) Shields


You had 6 spell levels left.
You knew the following spells:

 Your Spells              Type           Power        Failure   Level  Hunger
a - Confusing Touch       Hex            #.....       34%         1    ##.....


Dungeon Overview and Level Annotations

Branches:
Dungeon (5/15)
 Temple: D:4-7

Altars:
Dithmenos
Elyvilon
Gozag
Nemelex Xobeh
Ru
Sif Muna
Trog
Yredelemnul
Zin

Annotations:
D:5 Alfie's ghost, novice HOFi


Innate Abilities, Weirdness & Mutations

You have supernaturally acute eyesight. (SInv)
You tend to lose your temper in combat.
You are robust. (+10% HP)


Message History

There was something very wrong with that liquid.
You feel weakened.
You feel dopey.
You feel clumsy. Alfie's ghost closely misses you.
It was a potion of mutation.
You feel extremely strange.
You feel a little pissed off.
Your vision sharpens.
You feel robust. Alfie's ghost misses you.
You hit Alfie's ghost but do no damage.
Alfie's ghost is moderately damaged.
Alfie's ghost hits you!
* * * LOW HITPOINT WARNING * * *
You closely miss Alfie's ghost.
Alfie's ghost is moderately damaged.
You block Alfie's ghost's attack.
You barely miss Alfie's ghost.
Alfie's ghost is moderately damaged.
You block Alfie's ghost's attack.
It was a potion of brilliance.
You feel clever all of a sudden. Alfie's ghost hits you!
You die...

≈≈≈♣≈≈P..≈## ###...##......#.#.
≈≈♣PP≈≈...# #...#.####'†###.#.
≈≈♣P......######.##.....#..#...#.
♣♣PP≈.....##.....##...#.#......#.
≈≈♣PPP###....######.#.#.##.......
♣≈≈≈PP.#...######...#......#.###.
P≈≈≈♣≈PPP≈P##.............##.# #.
PP≈≈♣♣≈≈≈≈P≈..##.########....# #.
.PP.PP≈P♣≈≈P####@# #.##.###.
#...P.PPPP.P.# #W# #..#...##
#####........###.#########...#.!.
###..........##.........###..###.
......#......≈≈PP≈......# #..# #.
#..#.##.....≈≈≈≈P≈..†...# #..# ##
#...........P≈≈≈≈≈P.....# #..#
#.......>.≈≈≈♣♣♣♣♣P.....# #..#
'..<....#.PPP♣♣ ♣P≈.<...# #..#


You could see Alfie's ghost.

Vanquished Creatures
  Sigmund (D:2)
  An ice beast (D:5)
  A phantom (D:4)
  A centaur (D:5)
  A bullfrog (D:5)
  A howler monkey (D:5)
  3 crimson imps (D:5)
  A jelly (D:5)
  An orc wizard (D:5)
  2 worker ants
  A worker ant zombie (D:5)
  3 adders
  A shadow imp (D:5)
  An ooze (D:4)
  2 worms (D:2)
  4 dart slugs
  2 leopard geckos
  4 orcs (D:5)
  3 giant cockroaches
  6 goblins
  6 hobgoblins
  3 jackals
  3 quokkas
  7 bats
  9 frilled lizards
  7 kobolds
  A quokka skeleton (D:5)
  6 rats
82 creatures vanquished.

Notes
Turn   | Place    | Note
-------+----------+-------------------------------------------
     0 | D:1      | Alfie the Hill Orc Fighter began the quest for the Orb.
     0 | D:1      | Reached XP level 1. HP: 19/19 MP: 1/1
   208 | D:1      | Reached XP level 2. HP: 27/27 MP: 2/2
   544 | D:1      | Reached XP level 3. HP: 27/33 MP: 3/3
   906 | D:2      | Found an opulent altar of Gozag.
  1145 | D:2      | Noticed Sigmund
  1166 | D:2      | Killed Sigmund
  1166 | D:2      | Reached skill level 1 in Dodging
  1166 | D:2      | Reached XP level 4. HP: 16/40 MP: 4/4
  1166 | D:2      | Reached XP level 5. HP: 18/46 MP: 5/5
  1398 | D:2      | Found a bloodstained altar of Trog.
  1601 | D:3      | Found a sparkling altar of Nemelex Xobeh.
  1645 | D:3      | Reached XP level 6. HP: 52/52 MP: 6/6
  1802 | D:3      | Found a white marble altar of Elyvilon.
  1915 | D:3      | Found a deep blue altar of Sif Muna.
  2113 | D:4      | Found a shadowy altar of Dithmenos.
  2113 | D:4      | Noticed a phantom
  2141 | D:4      | Killed a phantom
  2339 | D:4      | Found a basalt altar of Yredelemnul.
  2378 | D:4      | Found a glowing silver altar of Zin.
  2398 | D:5      | Entered Level 5 of the Dungeon
  2403 | D:5      | Reached skill level 5 in Shields
  2502 | D:5      | Reached XP level 7. HP: 36/60 MP: 7/7
  2696 | D:5      | Learned a level 1 spell: Confusing Touch
  2704 | D:5      | Found a sacrificial altar of Ru.
  2785 | D:5      | Reached skill level 5 in Short Blades
  2998 | D:5      | Reached skill level 1 in Throwing
  3020 | D:5      | Reached XP level 8. HP: 16/67 MP: 8/8
  3263 | D:5      | Noticed Alfie's ghost (novice HOFi)
  3304 | D:5      | HP: 3/67 [Alfie's ghost (5)]
  3309 | D:5      | Gained mutation: You tend to lose your temper in combat. [potion of mutation]
  3309 | D:5      | Gained mutation: You have supernaturally acute eyesight. (SInv) [potion of mutation]
  3309 | D:5      | Gained mutation: You are robust. (+10% HP) [potion of mutation]
  3310 | D:5      | HP: 2/73 [Alfie's ghost (7)]
  3313 | D:5      | Slain by Alfie's ghost

Skill      XL: |  1  2  3  4  5  6  7 |
---------------+----------------------+-----
Shields        | 4 5 |  5.4
Fighting       | 4 |  4.8
Short Blades   | 3 4 5 |  5.9
Armour         | 4 |  4.8
Dodging        | 1 2 |  2.1
Throwing       | 1 |  1.2
Stealth        | |  0.3

Action                   |  1- 3 |  4- 6 |  7- 9 || total
-------------------------+-------+-------+-------++-------
Melee: Rapier            |   139 |   151 |   143 ||   433
Throw: Tomahawk          |       |     3 |    14 ||    17
  Use: Potion            |     1 |       |     6 ||     7
       Scroll            |       |       |     7 ||     7
  Eat: Fruit             |     1 |     1 |       ||     2
       Bread ration      |       |     1 |       ||     1
       Royal jelly       |       |       |     1 ||     1
Armor: Scale mail        |    64 |    57 |    40 ||   161
Dodge: Dodged            |    53 |    38 |    31 ||   122
Block: Shield            |    77 |    77 |    66 ||   220
